cohdb
Replays
Latest Replays
All Replays
Popular Replays
Top Player Replays
Match Explorer
How It Works
Community
CoH3 Stats
Reddit
Sign in to upload your games and track your stats! →
Sign in with Steam
Match 47397886
Unlisted
Match 47397886
Overview
Messages
Build Orders
End
Pioneer Squad
Construct Infanterie Kompanie
Selects Terror Battlegroup
Selects Machine Gun Camouflage
MG 42 Machine Gun Team
Grenadier Squad
Medical Station
Construct Panzergrenadier Kompanie
Pak 40 Anti-tank Gun Team
Support Elements
Panzergrenadier Squad
StuG III G Assault Gun
Grenadier Squad
Panzergrenadier Officer Quarters
Nebelwerfer 42 Rocket Launcher Team
Selects Defend the Fatherland
Selects Contempt for the Weak
Construct Panzer Kompanie
Stoßtruppen Squad
Panzer IV Medium Tank
Selects Propaganda Leaflet Drop
Side Skirts
Pioneer Squad
Sturmpanzer IV Brummbär
Panzer IV Medium Tank
Pioneer Squad
Selects V1 Rocket Strike
Panzer IV Medium Tank
V1 Rocket Strike
Panzer IV Medium Tank
Stoßtruppen Squad
Pak 40 Anti-tank Gun Team
Pioneer Squad
Pioneer Squad
Panzer IV Medium Tank
Pioneer Squad
V1 Rocket Strike
Pioneer Squad
Pioneer Squad
Panzer IV Medium Tank
Henk
water
Boat Goes Binted
It's Takotime
Drink||Belzebuth
Bebop
Zinnman101
막돔황챠
0
0
Comments
sign in to comment!
No comments posted yet!